 Dungeon Crawl Stone Soup version 0.29.1-12-g30fa7ad0bf (webtiles) character file.

Game seed: 7908551993936067532

21 willwatts the Sneak (level 2, -14/17 HPs)
             Began as a Vampire Brigand on Dec 31, 2022.
             Demolished by Crazy Yiuf
             ... wielding a +3 quarterstaff of chaos
              (20 damage)
             ... on level 2 of the Dungeon.
             The game lasted 00:20:13 (1115 turns).

willwatts the Sneak (Vampire Brigand)               Turns: 1115, Time: 00:20:13

Health: -14/17     AC:  3    Str: 10    XL:     2   Next: 65%
Magic:  2/2        EV: 12    Int: 13    God:
Gold:   90         SH:  0    Dex: 15    Spells: 1/1 levels left

rFire   . . .      SeeInvis +   j - +0 short sword
rCold   + + .      Faith    .   (no shield)
rNeg    + + +      Spirit   .   b - +0 robe
rPois   ∞          Reflect  .   (no helmet)
rElec   .          Harm     .   c - +0 cloak
rCorr   .          Rampage  .   (no gloves)
Will    .....                   (no boots)
Stlth   +++++.....              (no amulet)
HPRegen 0.00/turn               (no ring)
MPRegen 0.08/turn               (no ring)

@: bloodless, inhibited regen
A: bloodless, fangs 3, see invisible, vampiric 1
a: Revivify


You were on level 2 of the Dungeon.
You visited 1 branch of the dungeon, and saw 2 of its levels.

You collected 90 gold pieces.

Inventory:

Hand Weapons
 a - a +2 dagger
 i - a +0 spear
 j - a +0 short sword (weapon)
 l - a +0 club
Missiles
 d - 8 poisoned darts (quivered)
 e - 3 curare-tipped darts
 n - 7 stones
Armour
 b - a +0 robe (worn)
 c - a +0 cloak (worn)
 f - a +0 robe
Jewellery
 m - a ring of poison resistance
 r - a ring of ice
Scrolls
 p - 2 scrolls of vulnerability {unknown}
 q - a scroll of amnesia {unknown}
 s - a scroll of immolation {unknown}
Potions
 g - a potion of flight {unknown}
 h - a potion of brilliance {unknown}
 k - 2 potions of haste {unknown}
 o - a potion of resistance {unknown}


   Skills:
 + Level 1.8 Fighting
 + Level 2.5 Short Blades
 + Level 2.0 Throwing
 + Level 1.1 Dodging
 + Level 6.4 Stealth


You had one spell level left.
You didn't know any spells.
Your spell library was empty.

Dungeon Overview and Level Annotations

Branches:
Dungeon (2/15)

Altars:

Annotations:
D:2 Crazy Yiuf


Innate Abilities, Weirdness & Mutations

You do not regenerate when monsters are visible.
You are frail without blood (-20% HP).
You can heal yourself when you bite living creatures.
You are immune to poison.
You have razor-sharp teeth.
You have supernaturally acute eyesight. (SInv)
You are afflicted with vampirism.


Message History

Throw: 7 darts (poison)
Press: ? - help, Q - select action, (/) - cycle Shift-Dir - straight line, f/p - rat
Aim: a rat (59% to hit)
You throw a poisoned dart. The poisoned dart hits the rat.
The rat is poisoned.
You hit the rat.
The rat is heavily wounded.
The rat completely misses you.
You barely miss the rat.
The rat is heavily wounded.
You kill the rat!
d - 7 poisoned darts (gained 1)
There are no items here.
d - 8 poisoned darts (gained 1)
There are no items here.
You hit the fungus but do no damage. You hit the fungus.
The fungus begins to die.
The fungus is lightly damaged.
You hit the fungus.
The fungus is lightly damaged.
You hit the fungus. You bite the fungus.
The fungus is lightly damaged.
You hit the fungus.
The fungus is lightly damaged.
A nearby fungus withers and dies.
You hit the fungus.
The fungus begins to die.
The fungus is lightly damaged.
You hit the fungus. You bite the fungus, but do no damage.
The fungus is lightly damaged.
You hit the fungus.
The fungus is lightly damaged.
A nearby fungus withers and dies.
Found a hammer.
Found a runed translucent door.
Crazy Yiuf shouts!
You open the door. You hit Crazy Yiuf but do no damage.
Crazy Yiuf hits you with a +3 quarterstaff of chaos!
Ouch! That really hurt!
You are electrocuted!!
Ouch! That really hurt!
You die...

#####
#..)#
#...#
... #g#
##@#
#.##
##.#
#.##
##.##
#...##
#....#
#....#
##....#


You could see Crazy Yiuf.

Vanquished Creatures
  An adder (D:2)
  An endoplasm (D:2)
  A goblin (D:1)
  3 hobgoblins (D:1)
  3 ball pythons
  2 frilled lizards (D:2)
  A kobold (D:1)
  3 rats
15 creatures vanquished.

Vanquished Creatures (others)
  4 fungi (D:2)
4 creatures vanquished.

Grand Total: 19 creatures vanquished

Notes
Turn   | Place    | Note
-------+----------+-------------------------------------------
     0 | D:1      | willwatts the Vampire Brigand began the quest for the Orb.
     0 | D:1      | Reached XP level 1. HP: 16/16 MP: 1/1
   470 | D:1      | Reached skill level 6 in Stealth
   615 | D:1      | Reached XP level 2. HP: 20/22 MP: 2/2
  1110 | D:2      | Found a runed translucent door.
  1111 | D:2      | Noticed Crazy Yiuf
  1115 | D:2      | Demolished by Crazy Yiuf

Illustrated notes

Levels and vault maps discovered:
D:1:      saegor_arrival_simple_c, layout_loops_ring,
          minmay_misc_feat_more_columns
D:2:      layout_loops_ring, hellmonk_ecumenical_altar_arch_garden,
          uniq_crazy_yiuf_cottage, uniq_robin

Skill      XL: |  1  2 |
---------------+-------+-----
Stealth        | 6 |  6.4
Throwing       | 2 |  2.0
Fighting       | |  1.8
Short Blades   | |  2.5
Dodging        | |  1.1

Action                   || total
-------------------------++-------
Melee: Short sword       ||    30
       Dagger            ||     4
       Bite              ||     4
       Punch             ||     1
Throw: Dart              ||    14
 Abil: Exsanguinate      ||     2
 Stab: Sleeping          ||     5
Armor: Robe              ||     4
Dodge: Dodged            ||     8
